 Dungeon Crawl Stone Soup version 0.30-a0-374-g95c0257040 (webtiles) character file.

Game seed: 2658233111707783531

807 pokeman the Thaumaturge (level 7, -6/39 HPs)
             Began as a Deep Elf Hedge Wizard on Nov 25, 2022.
             Was a Follower of Vehumet.
             Mangled by a gnoll sergeant
             ... wielding a +2 spear of venom
              (11 damage)
             ... on level 6 of the Dungeon.
             The game lasted 00:09:30 (5247 turns).

pokeman the Thaumaturge (Deep Elf Hedge Wizard)     Turns: 5247, Time: 00:09:30

Health: -6/39      AC:  7    Str:  7    XL:     7   Next: 60%
Magic:  4/21       EV: 12    Int: 21    God:    Vehumet [*.....]
Gold:   246        SH:  0    Dex: 14    Spells: 11/23 levels left

rFire   + . .      SeeInvis .    w - +2 short sword (speed)
rCold   + . .      Faith    .    (no shield)
rNeg    . . .      Spirit   .    e - +0 leather armour
rPois   +          Reflect  .    c - +0 hat
rElec   +          Harm     .    i - scarf {shadows}
rCorr   +          Rampage  .    (no gloves)
Will    .....                    (no boots)
Stlth   ++........               (no amulet)
HPRegen 0.26/turn                m - +4 ring of protection
MPRegen 0.17/turn                (no ring)

@: resistant, flying, very slightly contaminated
A: no striking features
a: Renounce Religion


You were on level 6 of the Dungeon.
You worshipped Vehumet.
Vehumet was aware of your devotion.
You visited 1 branch of the dungeon, and saw 6 of its levels.

You collected 246 gold pieces.

Inventory:

Hand Weapons
 w - a +2 short sword of speed (weapon)
Armour
 c - a +0 hat (worn)
 e - a +0 leather armour (worn)
 i - a scarf of shadows (worn)
Magical Staves
 D - a staff of poison
Jewellery
 m - a +4 ring of protection (left hand)
Wands
 l - a wand of roots (13)
 t - a wand of polymorph (12)
Scrolls
 f - a scroll of fog {unknown}
 g - a scroll of immolation {unknown}
 k - 3 scrolls of teleportation {unknown}
 n - a scroll of fear {unknown}
 o - a scroll of poison {unknown}
 q - 6 scrolls of identify {unknown}
 u - a scroll of enchant armour {unknown}
 v - a scroll of noise {unknown}
 x - a scroll of enchant weapon {unknown}
 y - a scroll of summoning {unknown}
 C - a scroll of magic mapping {unknown}
Potions
 a - a potion of resistance
 b - a potion of invisibility {unknown}
 d - 2 potions of magic
 h - a potion of flight
 j - 2 potions of curing
 p - a potion of brilliance {unknown}
 r - 3 potions of heal wounds {unknown}
 s - a potion of cancellation {unknown}
 z - a potion of berserk rage {unknown}
 A - a potion of might {unknown}
 B - a potion of ambrosia {unknown}
 E - a potion of lignification {unknown}


   Skills:
 + Level 1.9 Fighting
 - Level 1.0 Armour
 - Level 3.0 Dodging
 - Level 3.0 Stealth
 * Level 8.5 Spellcasting
 + Level 4.3 Conjurations
 - Level 1.1 Summonings
 - Level 1.1 Translocations
 + Level 0.6 Ice Magic
 - Level 2.0 Air Magic
 - Level 1.1 Poison Magic
 - Level 2.0 Evocations


You had 11 spell levels left.
You knew the following spells:

 Your Spells              Type           Power      Damage    Failure   Level
a - Magic Dart            Conj           100%       1d8       1%          1
b - Mephitic Cloud        Conj/Pois/Air  19%        N/A       12%         3
c - Call Imp              Summ           13%        N/A       11%         2
d - Blink                 Tloc           26%        N/A       11%         2
e - Shock                 Conj/Air       88%        1d8       3%          1
f - Hailstorm             Conj/Ice       19%        3d6       12%         3

Your spell library contained the following spells:

 Spells                   Type           Power      Damage    Failure   Level
 Necrotise                Necr           32%        1d5       11%         1
 Slow                     Hex            32%        N/A       11%         1
 Cigotuvi's Dreadful Rot  Necr/Pois/Air  26%        N/A       11%         2
 Portal Projectile        Hex/Tloc       22%        N/A       26%         3
 Tukima's Dance           Hex            8%         N/A       32%         3
 Vampiric Draining        Necr           8%         2d6       32%         3
 Summon Ice Beast         Ice/Summ       12%        N/A       61%         4
 Ice Form                 Ice/Tmut       10%        N/A       67%         4
 Summon Mana Viper        Hex/Summ       11%        N/A       94%         5
 Agony                    Necr           8%         N/A       97%         5
 Blade Hands              Tmut           4%         N/A       97%         5
 Simulacrum               Ice/Necr       5%         N/A       100%        6
 Monstrous Menagerie      Summ           6%         N/A       100%        7


Dungeon Overview and Level Annotations

Branches:
Dungeon (6/15)             Temple (0/1) D:5

Altars:
Dithmenos
Elyvilon
Fedhas
Hepliaklqana
Uskayaw
Vehumet
Zin

Shops:
D:1 *   D:4 *

Annotations:
D:4 3 runed translucent doors, Groverdextrious's ghost, amateur DjAr


Message History

The gnoll sergeant hits your white imp with a +2 spear of venom.
Unknown command.
Your white imp completely misses the gnoll sergeant.
The gnoll sergeant hits your white imp with a +2 spear of venom!
Your white imp dies!
Your white imp disappears in a puff of smoke!
Unknown command.
Casting: Call Imp (safe; 11% risk of failure)
Confirm with . or Enter, or press ? or * to list all spells.
Aiming: Mephitic Cloud (dangerous; 12% risk of failure)
Press: ? - help, Shift-Dir - straight line, f/p - gnoll sergeant
Aim: a gnoll sergeant, wielding a +2 spear of venom and wearing a +0 ring mail (almost dead, chance to affect: 81%)
The ball explodes into a vile cloud!
The stinking cloud engulfs the gnoll sergeant but does no damage.
The gnoll sergeant is almost dead.
The stinking cloud engulfs the gnoll but does no damage. x2
You hear a howl!
The gnoll is engulfed in noxious fumes.
The gnoll appears confused.
The gnoll barely misses the gnoll.
The gnoll sergeant is engulfed in noxious fumes.
The gnoll sergeant appears confused.
You hear a shout!
Unknown command.
Casting: Mephitic Cloud (dangerous; 12% risk of failure)
Confirm with . or Enter, or press ? or * to list all spells.
You miscast Call Imp.
You are very lightly contaminated with residual magic.
Nothing appears to happen.
The gnoll is engulfed in noxious fumes.
The gnoll appears confused.
Something closely misses the gnoll.
Unknown command.
You hit the gnoll sergeant but do no damage.
The gnoll sergeant is almost dead.
You hit the gnoll sergeant.
The gnoll sergeant is almost dead.
The gnoll is engulfed in noxious fumes.
The gnoll appears confused.
The gnoll sergeant closely misses you.
You hit the gnoll sergeant.
The gnoll sergeant is almost dead.
The gnoll sergeant hits you with a +2 spear of venom!
You die...

... #.# #.#
#### #.#
..# #<# #.#
#.#
#####.###.#
#$........#
#.###@#####
#g# #g#
#####g#
#..g.°#
#.g.###
#.sg# #..†#
#..g#


You could see a gnoll sergeant (confused) and 2 gnolls.

Vanquished Creatures
  Sigmund (D:3)
  2 phantoms
  A bullfrog (D:6)
  A scorpion (D:5)
  A howler monkey (D:5)
  An orc priest (D:5)
  Jessica (D:2)
  2 iguanas (D:5)
  2 orc wizards (D:5)
  7 adders
  A white imp (D:6)
  3 worms
  14 orcs
  6 bats
  8 endoplasms
  2 giant cockroaches
  7 goblins
  5 hobgoblins
  5 jackals
  8 kobolds
  2 quokkas
  8 ball pythons
  5 frilled lizards
  5 rats
98 creatures vanquished.

Vanquished Creatures (others)
  4 plants (D:5)
4 creatures vanquished.

Grand Total: 102 creatures vanquished

Notes
Turn   | Place    | Note
-------+----------+-------------------------------------------
     0 | D:1      | pokeman the Deep Elf Hedge Wizard began the quest for the
                  | Orb.
     0 | D:1      | Reached XP level 1. HP: 10/10 MP: 7/7
    75 | D:1      | Found Ynuushurgh's General Store.
   307 | D:1      | Reached XP level 2. HP: 16/16 MP: 6/9
   569 | D:1      | Found a faded altar of an unknown god.
   769 | D:1      | Reached skill level 5 in Spellcasting
  1152 | D:2      | Reached XP level 3. HP: 20/20 MP: 8/11
  1156 | D:2      | Learned a level 3 spell: Mephitic Cloud
  1159 | D:2      | Learned a level 2 spell: Call Imp
  1162 | D:2      | Learned a level 2 spell: Blink
  1488 | D:2      | Reached skill level 1 in Fighting
  1625 | D:2      | Reached skill level 1 in Armour
  1862 | D:2      | Noticed Jessica
  1869 | D:2      | Killed Jessica
  1870 | D:2      | Reached XP level 4. HP: 25/25 MP: 4/13
  2010 | D:3      | Found a radiant altar of Vehumet.
  2021 | D:3      | Became a worshipper of Vehumet
  2693 | D:3      | Noticed Sigmund
  2700 | D:3      | Killed Sigmund
  2701 | D:3      | Reached skill level 6 in Spellcasting
  2701 | D:3      | Reached skill level 1 in Air Magic
  2701 | D:3      | Reached skill level 1 in Evocations
  2701 | D:3      | Reached XP level 5. HP: 19/29 MP: 12/16
  2701 | D:3      | Reached XP level 6. HP: 22/34 MP: 12/17
  2917 | D:3      | Reached * piety under Vehumet
  2917 | D:3      | Offered knowledge of Shock by Vehumet.
  2920 | D:3      | Learned a level 1 spell: Shock
  3485 | D:4      | Reached skill level 7 in Spellcasting
  3663 | D:4      | Found Sysk's General Store.
  3707 | D:4      | Found a runed translucent gate.
  3708 | D:4      | Found a runed translucent gate.
  3710 | D:4      | Found a runed translucent gate.
  3711 | D:4      | Noticed Groverdextrious's ghost (amateur DjAr)
  4079 | D:5      | Entered Level 5 of the Dungeon
  4330 | D:5      | Found a staircase to the Ecumenical Temple.
  4342 | D:5      | Reached skill level 1 in Poison Magic
  4342 | D:5      | Reached XP level 7. HP: 38/38 MP: 16/20
  4467 | D:5      | Reached skill level 8 in Spellcasting
  5021 | D:5      | Found a shadowy altar of Dithmenos.
  5021 | D:5      | Found a blossoming altar of Fedhas.
  5022 | D:5      | Found a hazy altar of Hepliaklqana.
  5028 | D:5      | Found a hide-covered altar of Uskayaw.
  5038 | D:5      | Learned a level 3 spell: Hailstorm
  5039 | D:5      | Found a white marble altar of Elyvilon.
  5042 | D:5      | Found a glowing silver altar of Zin.
  5247 | D:6      | Mangled by a gnoll sergeant

Illustrated notes

Levels and vault maps discovered:
D:1:      dpeg_arrival_round_c, layout_basic, basic_ecumenical_altar,
          serial_shops, shop_statue
D:2:      layout_rooms, uniq_jessica
D:3:      minmay_bubble_buster, layout_loops_ring, okawaru_trees_2,
          lemuel_tele_altar, lemuel_flame_loot_1, uniq_sigmund
D:4:      layout_basic, serial_shops, shop, gammafunk_ghost_split
D:5:      layout_gridville, minmay_overflow_temple_hex,
          minmay_temple_entry_overgrown
D:6:      lemuel_ratsnest, layout_loops_cross, gup_sewer_entry_bowl

Skill      XL: |  1  2  3  4  5  6  7 |
---------------+----------------------+-----
Spellcasting   | 5 6 7 8 |  8.5
Conjurations   | 2 3 4 |  4.3
Fighting       | 1 |  1.9
Armour         | 1 |  1.0
Stealth        | 3 |  3.0
Dodging        | 3 |  3.0
Air Magic      | 1 2 |  2.0
Evocations     | 1 2 |  2.0
Poison Magic   | 1 |  1.1
Summonings     | |  1.1
Translocations | |  1.1
Ice Magic      | |  0.6

Action                   |  1- 3 |  4- 6 |  7- 9 || total
-------------------------+-------+-------+-------++-------
Melee: War axe           |     1 |    29 |       ||    30
       Short sword       |       |       |     4 ||     4
 Cast: Magic Dart        |   100 |    60 |    33 ||   193
       Mephitic Cloud    |     1 |     3 |     4 ||     8
       Shock             |       |    36 |    32 ||    68
       Call Imp          |       |       |     1 ||     1
  Use: Potion            |       |       |     3 ||     3
 Stab: Confused          |       |     4 |       ||     4
Armor: Leather armour    |     3 |     9 |    10 ||    22
Dodge: Dodged            |     7 |    28 |    22 ||    57

Table legend: (Time is in decaauts)
 A = Elapsed time spent in this place.
 B = Non-inter-level travel time spent in this place.
 C = Inter-level travel time spent in this place.
 D = Time resting spent in this place.
 E = Time spent auto-exploring this place.
 F = Levels seen in this place.
 G = Mean time per level.
                   A        B        C        D        E       F      G
               +--------+--------+--------+--------+--------+-----+--------+
         Total |   5258 |   5101 |    157 |     85 |   4367 |   6 |  876.3 |
       Dungeon |   5258 |   5101 |    157 |     85 |   4367 |   6 |  876.3 |
               +--------+--------+--------+--------+--------+-----+--------+

Top non-repeatable levels by time:
     D:3: 1350 daAuts
     D:5: 1109 daAuts
     D:1: 1081 daAuts
     D:2: 899 daAuts
     D:4: 760 daAuts
     D:6: 57 daAuts
